 Dungeon Crawl Stone Soup version 0.21.1-1-g345015f (webtiles) character file.

874 rrRat the Basher (level 7, 0/63 HPs)
             Began as a Minotaur Berserker on June 7, 2018.
             Was an Elder of Trog.
             Slain by olivier's ghost (11 damage)
             ... on level 5 of the Dungeon.
             The game lasted 00:28:50 (4097 turns).

rrRat the Basher (Minotaur Berserker)               Turns: 4097, Time: 00:28:51

Health: 0/63       AC: 13    Str: 22    XL:     7   Next: 74%
Magic:  6/6        EV:  8    Int:  4    God:    Trog [****..]
Gold:   364        SH:  0    Dex: 14    Spells: 6/6 levels left

rFire    . . .     SeeInvis .   a - +1 mace
rCold    . . .     Gourm    .   (no shield)
rNeg     . . .     Faith    .   i - +0 plate armour
rPois    .         Spirit   .   (helmet restricted)
rElec    .         Reflect  .   d - +0 cloak
rCorr    .         Harm     .   (no gloves)
MR       .....                  (no boots)
Stlth    ..........             (no amulet)
HPRegen  0.20/turn              (no ring)
MPRegen  0.10/turn              j - +3 ring of dexterity

@: flying
A: retaliatory headbutt, horns 2
a: Berserk, Trog's Hand, Brothers in Arms, Burn Spellbooks, Renounce Religion


You were on level 5 of the Dungeon.
You worshipped Trog.
Trog was greatly pleased with you.
You were hungry.

You visited 2 branches of the dungeon, and saw 6 of its levels.

You collected 364 gold pieces.

Inventory:

Hand Weapons
 a - a +1 mace (weapon)
Armour
 d - a +0 cloak (worn)
 i - a +0 plate armour (worn)
Jewellery
 j - a +3 ring of dexterity (right hand)
Wands
 f - a wand of acid (5)
Scrolls
 h - 3 scrolls of magic mapping
 l - a scroll of fog
 m - 4 scrolls of remove curse
 n - a scroll of identify
Potions
 b - a potion of lignification
 e - a potion of flight
 g - 2 potions of curing
 k - a potion of brilliance
Comestibles
 c - 12 rations


   Skills:
 + Level 6.0 Fighting
 + Level 8.1 Maces & Flails
 + Level 4.5 Armour
 + Level 4.2 Dodging
 + Level 1.0 Stealth


You had 6 spell levels left.
You didn't know any spells.

Dungeon Overview and Level Annotations

Branches:
Dungeon (5/15)             Temple (1/1) D:5

Altars:
Ashenzari
Cheibriados
Dithmenos
Elyvilon
Fedhas
Kikubaaqudgha
Okawaru
Qazlal
Ru
Sif Muna
Trog
Vehumet
Wu Jian
Xom
Zin
The Shining One

Shops:
D:4 }   D:5 (

Annotations:
D:5 olivier's ghost, novice GnFi


Innate Abilities, Weirdness & Mutations

You reflexively headbutt those who attack you in melee.
You have a pair of horns on your head.


Message History

* * * LOW HITPOINT WARNING * * *
There is a stone staircase leading down here.
There is an open door here.
Olivier's ghost hits you but does no damage.
Olivier's ghost hits you but does no damage.
There is an open door here.
Aiming: Corrosive Bolt
Press: ? - help, Shift-Dir - straight line
Okay, then.
You hit olivier's ghost but do no damage.
Your headbutt misses olivier's ghost.
Olivier's ghost is lightly damaged.
Olivier's ghost hits you but does no damage.
As you open the door, it creaks loudly! Olivier's ghost hits you!
* * * LOW HITPOINT WARNING * * *
You hit olivier's ghost but do no damage.
Olivier's ghost is lightly damaged.
Olivier's ghost hits you!
You die...

.. ###..##+##.............#.
..####..#....(.##.8.####+##.
........#......#...#........
........#......#...+........
........#......#..###+##'###
........#......#..#.........
######..#......####.........
...##..###'#...............
...........@W...............
............#......#'######.
............#......#..#...## ##
##..#########......#..#.....
#.########..#..........#..#.....
.........#..#..........######+##
.........#..#...................
.........#..#...................
.........'..#...................


You could see olivier's ghost.

Vanquished Creatures
  A sky beast (D:5)
  A centaur (D:5)
  3 big kobolds (D:5)
  2 bullfrog zombies (D:5)
  A hound (D:5)
  2 orc wizards
  Natasha (thrice) (D:2)
  2 worker ants (D:5)
  A gnoll (D:5)
  6 adders
  An adder zombie (D:5)
  An adder skeleton (D:4)
  A worm (D:2)
  4 leopard geckos
  12 orcs
  5 bats
  A bat zombie (D:2)
  5 giant cockroaches
  9 goblins
  13 hobgoblins
  7 jackals
  A quokka (D:4)
  A ball python (D:2)
  5 frilled lizards
  49 kobolds
  4 rats
  3 rat zombies (D:2)
144 creatures vanquished.

Vanquished Creatures (others)
  A ghoul (D:1)
  2 draconians (D:1)
  A vine stalker (D:1)
  An elf (D:1)
  A naga (D:1)
  2 ogres (D:1)
  4 mummies (D:1)
  4 tentacles (D:1)
16 creatures vanquished.

Grand Total: 160 creatures vanquished

Notes
Turn   | Place    | Note
-------+----------+-------------------------------------------
     0 | D:1      | rrRat the Minotaur Berserker began the quest for the Orb.
     0 | D:1      | Reached XP level 1. HP: 19/19 MP: 0/0
     0 | D:1      | Noticed a naga
     0 | D:1      | Noticed a draconian
     0 | D:1      | Noticed a draconian
     0 | D:1      | Noticed a kraken
     0 | D:1      | Noticed an ogre
     0 | D:1      | Noticed an ogre
     0 | D:1      | Noticed an elf
     0 | D:1      | Noticed a ghoul
     0 | D:1      | Noticed a vine stalker
     5 | D:1      | Killed a ghoul
     5 | D:1      | Killed an ogre
    11 | D:1      | Killed a vine stalker
    14 | D:1      | Killed an elf
    15 | D:1      | Killed an ogre
    16 | D:1      | Killed a naga
    17 | D:1      | Killed a draconian
    17 | D:1      | Killed a draconian
    85 | D:1      | Reached XP level 2. HP: 16/27 MP: 1/1
   102 | D:1      | Reached skill level 4 in Maces & Flails
   165 | D:1      | Reached ** piety under Trog
   327 | D:1      | Reached XP level 3. HP: 23/33 MP: 2/2
   643 | D:2      | Noticed Natasha
   650 | D:2      | Killed Natasha
   662 | D:2      | Noticed Natasha
   670 | D:2      | Killed Natasha
   670 | D:2      | Reached XP level 4. HP: 36/41 MP: 3/3
   818 | D:2      | Reached skill level 5 in Maces & Flails
   852 | D:2      | Found an ancient bone altar of Kikubaaqudgha.
   889 | D:2      | Noticed Natasha
   895 | D:2      | Killed Natasha
   941 | D:2      | Reached XP level 5. HP: 34/47 MP: 4/4
   965 | D:2      | Found a shattered altar of Ashenzari.
  1065 | D:2      | Reached *** piety under Trog
  1255 | D:2      | Found a radiant altar of Vehumet.
  1505 | D:2      | Found a glowing silver altar of Zin.
  1505 | D:2      | Found a white marble altar of Elyvilon.
  1505 | D:2      | Found a glowing golden altar of the Shining One.
  2039 | D:3      | Reached skill level 5 in Fighting
  2330 | D:4      | Found a sacrificial altar of Ru.
  2417 | D:4      | Found Xyafuow's Gadget Shop.
  2857 | D:4      | Reached skill level 6 in Maces & Flails
  3280 | D:5      | Entered Level 5 of the Dungeon
  3291 | D:5      | Reached XP level 6. HP: 56/56 MP: 5/5
  3332 | D:5      | Found a staircase to the Ecumenical Temple.
  3380 | Temple   | Entered the Ecumenical Temple
  3606 | D:5      | Reached **** piety under Trog
  3621 | D:5      | Reached skill level 7 in Maces & Flails
  3621 | D:5      | Reached XP level 7. HP: 61/61 MP: 6/6
  3695 | D:5      | Reached skill level 1 in Stealth
  3946 | D:5      | Reached skill level 8 in Maces & Flails
  3961 | D:5      | Noticed a troll
  4028 | D:5      | Found Urithrod's Antique Weapon Emporium.
  4038 | D:5      | Noticed olivier's ghost (novice GnFi)
  4097 | D:5      | Slain by olivier's ghost

Skill      XL: |  1  2  3  4  5  6  7 |
---------------+----------------------+-----
Fighting       | 4 5 6 |  6.0
Maces & Flails | 4 5 6 7 8 |  8.1
Dodging        | 3 4 |  4.2
Armour         | 3 4 |  4.5
Stealth        | 1 |  1.0

Action                   |  1- 3 |  4- 6 |  7- 9 || total
-------------------------+-------+-------+-------++-------
Melee: Mace              |    67 |   176 |   111 ||   354
       Headbutt          |    10 |    33 |    19 ||    62
  Use: Scroll            |     5 |    10 |       ||    15
       Potion            |       |       |     2 ||     2
  Eat: Ration            |       |     2 |       ||     2
       Chunk             |       |     1 |     2 ||     3
Armor: Animal skin       |    19 |     5 |       ||    24
       Ring mail         |       |    28 |       ||    28
       Plate armour      |       |    51 |    73 ||   124
Dodge: Dodged            |    55 |    93 |    39 ||   187
